 Dungeon Crawl Stone Soup version 0.20.1-1-g8b1a95d (webtiles) character file.

158771 Peloso the Peltast (level 17, -3/140 HPs)
             Began as a Minotaur Fighter on July 21, 2017.
             Was the Champion of Okawaru.
             Shot with an arrow by a deep elf master archer (21 damage)
             ... on level 3 of the Elven Halls.
             The game lasted 01:51:40 (34141 turns).

Peloso the Peltast (Minotaur Fighter)              Turns: 34141, Time: 01:51:40

Health: -3/140     AC: 35    Str: 25    XL:     17   Next: 15%
Magic:  17/17      EV:  9    Int:  5    God:    Okawaru [******]
Gold:   558        SH: 16    Dex: 17    Spells: 16/16 levels left

rFire    . . .     SeeInvis +   S - +6 long sword of the Egg {slice, MR+}
rCold    + + +     Gourm    .   c - +1 shield
rNeg     . . .     Faith    .   E - +15 Maxwell's patent armour {-Cast -Tele rElec MR+ rCorr}
rPois    .         Spirit   .   V - +2 hat
rElec    +         Reflect  .   W - +1 cloak {MR+}
rCorr    +         Harm     .   Q - +0 pair of gloves of Wonder {Dex+4}
MR       ++++.     Rnd*Rage +   i - +0 pair of boots "Opier" {rElec rC+++ SInv} Stlth ..........NoTele +
                                D - amulet of regeneration
Regen    0.8/turn  NoCast   +   U - +3 ring of protection
MPRegen  0.2/turn               m - ring of resist corrosion

@: hasted, very heavily drained, very quick
A: retaliatory headbutt, hooves 1, horns 2, berserk 1, deformed body, frail 1
a: Heroism, Finesse, Renounce Religion


You were on level 3 of the Elven Halls.
You worshipped Okawaru.
Okawaru was exalted by your worship.
You were very full.

You visited 5 branches of the dungeon, and saw 27 of its levels.
You visited 1 bazaar.
You also visited: Labyrinth, Sewer, Ice Cave and Volcano.

You collected 3211 gold pieces.
You spent 2653 gold pieces at shops.

Inventory:

Hand Weapons
 q - a +2 scimitar of flaming
 y - a +2 double sword of freezing
 S - the +6 long sword of the Egg (weapon) {slice, MR+}
   (Okawaru gifted it to you on level 2 of the Lair of Beasts)

   It inflicts extra damage upon your enemies.
   It affects your resistance to hostile enchantments.
Armour
 c - a +1 shield (worn)
 i - the +0 pair of boots "Opier" (worn) {rElec rC+++ SInv}
   (You bought it in a shop on level 7 of the Dungeon)

   It renders you almost immune to cold.
   It insulates you from electricity.
   It lets you see invisible.
 C - the +6 plate armour "Zuakyamm" {MR+ Int-4 Dex+3 SInv}
   (You found it on level 6 of the Lair of Beasts)

   It affects your intelligence (-4).
   It affects your dexterity (+3).
   It affects your resistance to hostile enchantments.
   It lets you see invisible.
 E - the +15 Maxwell's patent armour (worn) {-Cast -Tele rElec MR+ rCorr}
   (You bought it in a shop on level 2 of the Orcish Mines)

   It insulates you from electricity.
   It affects your resistance to hostile enchantments.
   It prevents spellcasting.
   It prevents most forms of teleportation.
   It protects you from acid and corrosion.
 Q - the +0 pair of gloves of Wonder (worn) {Dex+4}
   (Okawaru gifted it to you on level 13 of the Dungeon)

   It affects your dexterity (+4).
 V - a +2 hat (worn)
 W - a +1 cloak of magic resistance (worn)
Jewellery
 m - a ring of resist corrosion (right hand)
 p - an uncursed amulet of harm
 z - an uncursed amulet of the gourmand
 D - an amulet of regeneration (around neck)
 J - an uncursed ring of protection from cold
 N - an uncursed ring of flight
 U - a +3 ring of protection (left hand)
Wands
 I - a wand of digging (17/24)
Scrolls
 a - a scroll of enchant armour
 e - 5 scrolls of remove curse
 n - 3 scrolls of fear
 s - a scroll of summoning
 t - a scroll of recharging
 x - 3 scrolls of teleportation
 B - 3 scrolls of blinking
 F - a scroll of enchant weapon
 G - a scroll of holy word
 H - a scroll of magic mapping
 P - 5 scrolls of identify
Potions
 d - a potion of might
 g - a potion of brilliance
 h - a potion of cancellation
 j - 2 potions of agility
 l - 15 potions of curing
 u - 3 potions of haste
 v - 5 potions of berserk rage
 w - a potion of resistance
 A - a potion of heal wounds
 L - a potion of flight
Books
 r - Roxanne's Guide on Earth
   (You took it off Roxanne on level 3 of the Elven Halls)

   Spells                             Type                      Level
   a - Sandblast                      Earth                        1
   b - Stone Arrow                    Conjuration/Earth            3
   c - Leda's Liquefaction            Hexes/Earth                  4
   d - Bolt of Magma                  Conjuration/Fire/Earth       5
   e - Statue Form                    Transmutation/Earth          6
Comestibles
 b - 10 royal jellies
 f - 19 bread rations
 k - 19 fruits
 o - 20 meat rations
 K - 3 chunks of flesh


   Skills:
 + Level 15.2(11.0) Fighting
 + Level 18.0(13.6) Long Blades
 + Level 16.0(11.7) Armour
 + Level 6.5(3.1) Dodging
 + Level 3.1(0.0) Stealth
 + Level 20.4(15.7) Shields
 + Level 0.7(0.0) Unarmed Combat
 + Level 2.4(0.0) Invocations
 + Level 1.7(0.0) Evocations


You had 16 spell levels left.
You didn't know any spells.

Dungeon Overview and Level Annotations

Branches:
Dungeon (15/15)            Temple (1/1) D:7            Lair (6/6) D:9
 Shoals (0/4) Lair:2        Snake (0/4) Lair:4        Slime (0/5) Lair:5
    Orc (2/2) D:11            Elf (3/3) Orc:2        Vaults (0/5) D:13
 Depths (0/5) D:15

Altars:
Ashenzari
Cheibriados
Dithmenos
Elyvilon
Fedhas
Gozag
Hepliaklqana
Kikubaaqudgha
Makhleb
Nemelex Xobeh
Okawaru
Qazlal
Ru
Sif Muna
Trog
Uskayaw
Vehumet
Xom
Yredelemnul
Zin
The Shining One
Beogh

Shops:
D:4 *   D:7 [   D:11 *   Orc:2 [*:(   Elf:1 (!   Elf:2 *


Innate Abilities, Weirdness & Mutations

You reflexively headbutt those who attack you in melee.
You have a pair of horns on your head.
You have large cloven feet.
You tend to lose your temper in combat.
Armour fits poorly on your strangely shaped body.
You are frail. (-10% HP)


Message History

The deep elf death mage hits you but does no damage.
You miss the deep elf death mage.
The deep elf death mage is severely wounded.
The hellion hits you but does no damage.
You block the cacodemon's attack. x2
The deep elf annihilator casts a spell.
The deep elf annihilator blinks!
The deep elf master archer shoots an arrow.
The arrow barely misses you.
Your Maxwell's patent armour prevents you from hitting the deep elf death mage.
The deep elf death mage is severely wounded.
The deep elf mage seems less brilliant.
The deep elf annihilator casts a spell.
The deep elf annihilator blinks!
The deep elf death mage hits you but does no damage.
The deep elf mage gestures wildly while chanting.
The deep elf mage conjures a globe of magical energy!
The deep elf master archer shoots an arrow.
The arrow hits you!!
You die...

#.# #.......# #.#
##...*...## #.#
#...).§...#
#.####......e..##
#...#...........#
###.#[......e.§)####
#.#.......44))ee.#
#.##.....22ee###e###
#.##......@e3# #...#
#.############ ##e.#
#.# #..# #.# #e.#
#.# #.e# #.# #.e#
#.#### #..# ##.##.#
.... ##...#.# .....


You could see a cacodemon, a deep elf master archer, a deep elf annihilator, 2
deep elf death magi, a deep elf demonologist, a ghostly deep elf demonologist, a
hellwing, a rust devil, a deep elf mage, a smoke demon, a hellion and a
battlesphere.

Vanquished Creatures
  A deep elf blademaster (Elf:2)
  An Ice Fiend (IceCv)
  Roxanne (Elf:3)
  An orc warlord (Orc:2)
  2 deep elf sorcerers (Elf:3)
  The ghost of ShornTheSheep the Impaler, a journeyman GrBe of Trog (Elf:1)
  The ghost of Gaplan the Severer, a journeyman MiBe of Trog (Lair:5)
  Nessos (Lair:5)
  2 deep elf demonologists (Elf:3)
  A deep elf annihilator (Elf:1)
  Snorg (D:11)
  3 deep elf death magi (Elf:3)
  A minotaur (Lab)
  A fire dragon (Volcano)
  An ice dragon (Lair:6)
  A great orb of eyes (D:15)
  A catoblepas (Lair:3)
  2 hydras (Lair:5)
  Harold (D:12)
  Erica (Orc:1)
  2 centaur warriors
  26 dancing weapons
  The ghost of regularjogger the Skirmisher, a novice DrTm of Makhleb (Lair:1)
  8 two-headed ogres
  A vampire mage (D:15)
  2 orc high priests (Orc:2)
  13 deep elf knights
  2 skeletal warriors (D:15)
  5 deep elf archers
  An orange crystal statue (Elf:1)
  An unseen horror (D:15)
  2 lindwurms (Lair:6)
  A wizard (D:15)
  5 orc knights
  Pikel (D:8)
  6 orc sorcerers
  A necromancer (D:15)
  An orb spider (shapeshifter) (D:13)
  2 manticores
  A manticore (shapeshifter) (D:13)
  3 cyclopes
  13 ugly things
  42 deep elf magi
  A wolf spider (Lair:6)
  3 salamanders (Volcano)
  A spriggan zombie (D:15)
  An ice statue (IceCv)
  Maurice (D:10)
  2 centaur zombies
  10 elephants
  6 torpor snails
  A guardian serpent (Lair:6)
  6 centaur skeletons
  9 black mambas
  Joseph (D:8)
  A gargoyle (D:11)
  13 spiny frogs
  6 komodo dragons
  2 rime drakes
  A rime drake (shapeshifter) (D:11)
  A yaktaur zombie (D:15)
  A kobold demonologist (D:13)
  An efreet (D:14)
  3 golden dragon simulacra (IceCv)
  2 anaconda simulacra (IceCv)
  3 freezing wraiths
  8 ice devils (IceCv)
  3 tyrant leeches (Lair:6)
  10 trolls
  A polar bear (Lair:6)
  12 blink frogs
  10 hornets
  7 dream sheep
  2 slime creatures (Lair:5)
  6 hippogriffs
  A deep troll zombie (D:15)
  4 air elementals
  A vampire (D:12)
  2 dire elephant simulacra (IceCv)
  6 water elementals
  A wraith (D:11)
  4 redbacks (Lair:6)
  A deep troll skeleton (D:15)
  19 wyverns
  8 fire bats (Volcano)
  A hog (shapeshifter) (D:13)
  24 yaks
  4 basilisks
  3 fire elementals
  2 steam dragons (Volcano)
  4 hungry ghosts
  2 wargs
  5 harpy simulacra (IceCv)
  An iron troll simulacrum (IceCv)
  4 hydra simulacra (IceCv)
  8 porcupines
  2 hell hounds (Orc:2)
  28 water moccasins
  39 orc warriors
  Duvessa (D:4)
  An eye of draining (D:11)
  A swamp drake (D:4)
  4 ice beasts
  A sky beast (D:10)
  2 necrophages
  2 black bears
  An ettin simulacrum (IceCv)
  4 phantoms
  3 boggarts (D:14)
  3 wolves (Lair:4)
  15 ogres
  12 centaurs
  18 crocodiles
  8 big kobolds
  Blork the orc (D:6)
  An earth elemental (Elf:3)
  17 bullfrogs
  Dowan (D:4)
  2 wyvern skeletons
  2 scorpions
  28 killer bees
  4 wights (D:8)
  A howler monkey (D:7)
  6 crimson imps
  5 bullfrog zombies
  4 draconian simulacra (IceCv)
  3 bullfrog skeletons
  6 jellies
  Crazy Yiuf (D:2)
  20 orc priests
  4 hounds
  29 orc wizards
  3 iguanas
  6 hell rats (Lair:4)
  A spriggan simulacrum (IceCv)
  15 worker ants
  A polar bear simulacrum (IceCv)
  2 troll simulacra (IceCv)
  A wolf simulacrum (IceCv)
  A worker ant zombie (D:10)
  3 ogre simulacra (IceCv)
  12 adders
  2 naga simulacra (IceCv)
  2 river rats (D:3)
  6 shadow imps
  6 white imps (IceCv)
  8 ufetubi (IceCv)
  An ooze (D:1)
  An adder zombie (D:7)
  An adder skeleton (D:9)
  3 worms
  A dart slug (D:3)
  5 leopard geckos
  75 orcs
  11 bats
  6 giant cockroaches
  13 goblins
  10 hobgoblins
  2 jackals (D:11)
  7 quokkas
  9 ball pythons
  7 frilled lizards
  49 kobolds
  13 rats
  A fungus (D:2)
  7 plants
976 creatures vanquished.

Vanquished Creatures (others)
  Psyche (D:11)
  4 slaves (D:8)
  A wight (D:8)
  A hound (D:8)
  An adder (D:8)
  An orc (D:8)
  A rat (D:3)
  3 bushes (Lair:6)
  26 fungi
  45 plants
  A withered plant (D:15)
85 creatures vanquished.

Grand Total: 1061 creatures vanquished

Notes
Turn   | Place    | Note
-------+----------+-------------------------------------------
     0 | D:1      | Peloso the Minotaur Fighter began the quest for the Orb.
     0 | D:1      | Reached XP level 1. HP: 19/19 MP: 0/0
   166 | D:1      | Reached XP level 2. HP: 27/27 MP: 1/1
   500 | D:1      | Reached skill level 4 in Shields
   605 | D:1      | Reached XP level 3. HP: 33/33 MP: 2/2
  1143 | D:2      | Reached XP level 4. HP: 36/40 MP: 3/3
  1339 | D:2      | Found a runed door.
  1343 | D:2      | Noticed Crazy Yiuf
  1691 | D:2      | Killed Crazy Yiuf
  1758 | D:3      | Reached skill level 1 in Dodging
  1809 | D:3      | Reached XP level 5. HP: 44/46 MP: 4/4
  2012 | D:3      | Found a stormy altar of Qazlal.
  2062 | D:3      | Found a glowing drain.
  2067 | Sewer    | Entered a sewer
  2489 | D:3      | Reached skill level 5 in Shields
  2495 | D:3      | Reached XP level 6. HP: 29/52 MP: 5/5
  2659 | D:3      | Reached skill level 5 in Armour
  2776 | D:3      | Reached skill level 5 in Long Blades
  2934 | D:4      | Found Xirhad's Assorted Antiques.
  2937 | D:4      | Bought a scroll labeled KENAKHLUILE for 26 gold pieces
  2937 | D:4      | Bought a scroll labeled OCWOPTUTSY for 26 gold pieces
  3092 | D:4      | Noticed Dowan
  3093 | D:4      | Noticed Duvessa
  3119 | D:5      | Entered Level 5 of the Dungeon
  3291 | D:4      | Killed Duvessa
  3305 | D:4      | Killed Dowan
  3423 | D:4      | Reached XP level 7. HP: 48/60 MP: 6/6
  3784 | D:4      | Reached skill level 5 in Fighting
  4105 | D:5      | Noticed a wyvern
  4112 | D:5      | Killed a wyvern
  4112 | D:5      | Reached skill level 6 in Shields
  4384 | D:5      | Reached XP level 8. HP: 63/68 MP: 7/7
  4433 | D:5      | Reached skill level 1 in Stealth
  5157 | D:6      | Noticed Blork the orc
  5163 | D:6      | Killed Blork the orc
  5332 | D:6      | Found a deep blue altar of Sif Muna.
  5333 | D:6      | Found a shimmering altar of Xom.
  5334 | D:6      | Found a hazy altar of Hepliaklqana.
  5450 | D:7      | Found Bumoy's Armour Emporium.
  5898 | D:7      | Reached skill level 7 in Shields
  5955 | D:7      | Found a staircase to the Ecumenical Temple.
  5965 | Temple   | Entered the Ecumenical Temple
  6036 | Temple   | Became a worshipper of Warmaster Okawaru
  6235 | D:7      | Reached XP level 9. HP: 72/75 MP: 8/8
  6429 | D:8      | Noticed Pikel
  6445 | D:8      | Killed Pikel
  6490 | D:8      | Noticed Joseph
  6509 | D:8      | Killed Joseph
  6509 | D:8      | Reached * piety under Okawaru
  6509 | D:8      | Reached skill level 10 in Long Blades
  6851 | D:8      | Reached skill level 8 in Shields
  7182 | D:8      | Got a twisted chain mail
  7194 | D:8      | Identified the +8 chain mail of the Pleiades {rC+} (You found it on level 8 of the Dungeon)
  7312 | D:9      | Found an ancient bone altar of Kikubaaqudgha.
  7320 | D:9      | Reached ** piety under Okawaru
  7346 | D:9      | Found a staircase to the Lair.
  7419 | D:9      | Reached XP level 10. HP: 79/86 MP: 9/9
  7438 | D:9      | Found a radiant altar of Vehumet.
  7491 | D:9      | Noticed a two-headed ogre
  7496 | D:9      | Killed a two-headed ogre
  7565 | D:9      | Reached skill level 9 in Shields
  7588 | D:9      | Reached *** piety under Okawaru
  7778 | D:9      | Found a glowing silver altar of Zin.
  8008 | D:10     | Entered Level 10 of the Dungeon
  8040 | D:10     | Noticed a two-headed ogre
  8051 | D:10     | Killed a two-headed ogre
  8401 | D:10     | Reached skill level 10 in Shields
  8788 | D:10     | Noticed Maurice
  8817 | D:10     | Killed Maurice
  8954 | D:11     | Found a staircase to the Orcish Mines.
  8954 | D:11     | Noticed a cyclops
  8967 | D:11     | Killed a cyclops
  8967 | D:11     | Reached **** piety under Okawaru
  8967 | D:11     | Reached XP level 11. HP: 64/94 MP: 10/10
  9069 | D:11     | Reached skill level 10 in Armour
  9447 | D:11     | Noticed a brown ugly thing
  9448 | D:11     | Noticed a purple ugly thing
  9450 | D:11     | Noticed Psyche
  9477 | D:11     | Killed a brown ugly thing
  9497 | D:11     | Killed a white ugly thing
  9498 | D:11     | Killed Psyche
  9503 | D:11     | Reached ***** piety under Okawaru
  9537 | D:11     | Reached skill level 11 in Shields
  9588 | D:11     | Noticed a centaur warrior
  9605 | D:11     | Killed a centaur warrior
  9638 | D:11     | Noticed a two-headed ogre
  9648 | D:11     | Killed a two-headed ogre
  9968 | D:11     | Found a roughly hewn altar of Beogh.
 10197 | D:11     | Noticed Snorg
 10211 | D:11     | Killed Snorg
 10290 | D:11     | Found Ynamir's Assorted Antiques.
 10293 | D:11     | Bought a scroll labeled WELAUNT IDUECKITT for 28 gold pieces
 10323 | Orc:1    | Entered Level 1 of the Orcish Mines
 10323 | Orc:1    | Noticed an orc knight
 10336 | Orc:1    | Noticed an orc sorcerer
 10563 | D:11     | Killed an orc sorcerer
 10607 | D:11     | Killed an orc knight
 10742 | Orc:1    | Found a deep blue altar of Sif Muna.
 10797 | Orc:1    | Noticed an orc sorcerer
 10978 | D:11     | Reached ****** piety under Okawaru
 10978 | D:11     | Reached skill level 1 in Invocations
 11106 | Orc:1    | Gained mutation: You have large cloven feet. [a neqoxec]
 11108 | Orc:1    | Gained mutation: You tend to lose your temper in combat. [a neqoxec]
 11269 | D:11     | Killed an orc sorcerer
 11269 | D:11     | Reached XP level 12. HP: 104/104 MP: 8/11
 11325 | Orc:1    | Received a gift from Okawaru
 11405 | D:11     | Reached skill level 12 in Shields
 11606 | D:7      | Bought the +0 pair of boots "Opier" {rElec rC+++ SInv} for 750 gold pieces
 11682 | D:11     | Noticed a two-headed ogre
 11696 | D:11     | Killed a two-headed ogre
 11763 | D:12     | Paralysed by a hornet for 3 turns
 11887 | D:12     | Got a heavily runed glass ring
 11888 | D:12     | Identified the ring of Exhibitionism {rF+ rC+ Str-4 Dex+2} (You found it on level 12 of the Dungeon)
 12151 | D:12     | Got a jacinth-encrusted chain mail
 12269 | D:12     | Identified the +6 chain mail of Oblivion {rC+ MR+} (You took it off a kobold on level 12 of the Dungeon)
 12283 | D:12     | Noticed Harold
 12319 | D:12     | Killed Harold
 12779 | D:13     | Reached skill level 10 in Fighting
 12784 | D:13     | Found a gate to the Vaults.
 12823 | D:13     | Noticed a two-headed ogre
 12823 | D:13     | a dream sheep changed into a two-headed ogre
 12841 | D:13     | Reached skill level 13 in Shields
 13148 | D:13     | HP: 4/106 [acid (7)]
 13199 | D:13     | Received a gift from Okawaru
 13202 | D:13     | Got a pair of transparent gloves {god gift}
 13213 | D:13     | Identified the +0 pair of gloves of Wonder {Dex+4} (Okawaru gifted it to you on level 13 of the Dungeon)
 13609 | D:13     | Noticed a centaur warrior
 13614 | D:13     | Killed a centaur warrior
 13924 | Lair:1   | Entered Level 1 of the Lair of Beasts
 14111 | Lair:1   | Reached XP level 13. HP: 114/114 MP: 12/12
 14283 | Lair:1   | Reached skill level 15 in Long Blades
 14331 | Lair:1   | Noticed regularjogger's ghost (novice DrTm)
 14373 | Lair:1   | Killed regularjogger's ghost
 14373 | Lair:1   | Reached skill level 14 in Shields
 15075 | Lair:2   | Received a gift from Okawaru
 15078 | Lair:2   | Got a slimy long sword {god gift}
 15079 | Lair:2   | Identified the +6 long sword of the Egg {slice, MR+} (Okawaru gifted it to you on level 2 of the Lair of Beasts)
 15106 | Lair:2   | Found a staircase to the Shoals.
 15982 | Lair:3   | Reached skill level 5 in Dodging
 17069 | Lair:4   | Found a labyrinth entrance.
 17093 | Lab      | Entered a labyrinth
 17426 | Lab      | Noticed a minotaur
 17438 | Lab      | Killed a minotaur
 17450 | Lab      | Identified the Tome of Clay
 17453 | Lab      | Identified Sif Muna's Incunabulum of Enchantment
 17613 | Lair:4   | Found a staircase to the Snake Pit.
 18429 | Lair:5   | Reached skill level 15 in Shields
 18448 | Lair:5   | Found a staircase to the Slime Pits.
 18650 | Lair:5   | Noticed Nessos
 18656 | Lair:5   | Killed Nessos
 18688 | Lair:5   | Noticed Gaplan's ghost (journeyman MiBe)
 18716 | Lair:5   | Killed Gaplan's ghost
 18716 | Lair:5   | Received a gift from Okawaru
 19165 | Lair:6   | Entered Level 6 of the Lair of Beasts
 19285 | Lair:6   | Got a steaming plate armour
 19312 | Lair:6   | Identified the +6 plate armour "Zuakyamm" {MR+ Int-4 Dex+3 SInv} (You found it on level 6 of the Lair of Beasts)
 19320 | Lair:6   | Reached XP level 14. HP: 106/125 MP: 14/14
 19434 | Lair:6   | Found a runed door.
 19587 | Lair:6   | Received a gift from Okawaru
 19791 | Lair:6   | Reached skill level 16 in Shields
 20425 | Lair:6   | Paralysed by a hornet for 3 turns
 21498 | D:14     | Reached skill level 17 in Shields
 21975 | D:14     | Received a gift from Okawaru
 22224 | D:15     | Entered Level 15 of the Dungeon
 22226 | D:15     | Found an ancient bone altar of Kikubaaqudgha.
 22470 | D:15     | Reached XP level 15. HP: 101/135 MP: 12/15
 22734 | D:15     | Found a staircase to the Depths.
 24015 | Orc:1    | Noticed Erica
 24024 | Orc:1    | Killed Erica
 24195 | Orc:1    | Identified Sif Muna's Catalogue of Ignition
 24220 | Orc:2    | Entered Level 2 of the Orcish Mines
 24405 | Orc:2    | Found Dagawku's General Store.
 24525 | Orc:2    | Found a dark tunnel.
 24649 | Volcano  | Entered a volcano
 25138 | Volcano  | Reached skill level 18 in Shields
 25370 | Volcano  | Received a gift from Okawaru
 25971 | Orc:2    | Noticed an orc warlord
 26028 | Orc:2    | Reached skill level 1 in Evocations
 26363 | Orc:2    | Found Ulism's Book Boutique.
 26399 | Orc:2    | Found a staircase to the Elven Halls.
 26437 | Orc:2    | Found Coebb's Antique Armour Emporium.
 26453 | Orc:2    | Killed an orc warlord
 26522 | Orc:2    | Bought a scroll of magic mapping for 45 gold pieces
 26522 | Orc:2    | Bought a scroll of blinking for 97 gold pieces
 26522 | Orc:2    | Bought a potion of heal wounds for 65 gold pieces
 26522 | Orc:2    | Bought the +15 Maxwell's patent armour {-Cast -Tele rElec MR+ rCorr} for 1396 gold pieces
 26705 | Orc:2    | Found Hoduv's Antique Weapon Shoppe.
 27279 | Elf:1    | Entered Level 1 of the Elven Halls
 27337 | Elf:1    | Received a gift from Okawaru
 27351 | Elf:1    | Found Ygyunwih's Antique Weapon Shoppe.
 27446 | Elf:1    | Noticed ShornTheSheep's ghost (journeyman GrBe)
 27484 | Elf:1    | Killed ShornTheSheep's ghost
 27848 | Elf:1    | Found Kuulips's Distillery.
 28221 | Elf:1    | Bought a potion of heal wounds for 70 gold pieces
 28242 | Elf:1    | Found a gateway to a bazaar.
 28254 | Bazaar   | Entered a bazaar
 28267 | Bazaar   | Found Ytuge's Gadget Shop.
 28299 | Bazaar   | Found Fugulac's Gadget Shop.
 28335 | Bazaar   | Found Ruzor's Distillery.
 28361 | Bazaar   | Found Wuuxt's Distillery.
 28422 | Bazaar   | Bought a potion of heal wounds for 50 gold pieces
 28422 | Bazaar   | Bought a potion of heal wounds for 50 gold pieces
 28422 | Bazaar   | Bought a potion of heal wounds for 50 gold pieces
 28561 | Elf:1    | Reached skill level 15 in Armour
 28631 | Elf:1    | Reached XP level 16. HP: 146/146 MP: 16/16
 28733 | Elf:1    | Reached skill level 19 in Shields
 28739 | Elf:1    | Identified Lom Lobon's Catalogue of Confrontation
 29042 | Elf:2    | Found Kuede's General Store.
 29052 | Elf:2    | Received a gift from Okawaru
 29115 | Elf:2    | Found a frozen archway.
 29216 | IceCv    | Entered an ice cave
 29855 | IceCv    | Noticed an Ice Fiend
 29882 | IceCv    | Killed an Ice Fiend
 30181 | IceCv    | Identified the Disquisition on Congealing Heat
 30442 | Elf:2    | Found a runed gate.
 30442 | Elf:2    | Found a runed gate.
 30443 | Elf:2    | Found a runed gate.
 31055 | Elf:1    | Received a gift from Okawaru
 31178 | Elf:2    | Noticed a deep elf blademaster
 31210 | Elf:2    | Killed a deep elf blademaster
 31210 | Elf:2    | Received a gift from Okawaru
 31784 | Elf:2    | Reached skill level 20 in Shields
 32196 | Elf:3    | Entered Level 3 of the Elven Halls
 32734 | Elf:3    | Reached skill level 15 in Fighting
 32793 | Elf:3    | Noticed Roxanne
 33070 | Elf:3    | Killed Roxanne
 33070 | Elf:3    | Reached XP level 17. HP: 66/156 MP: 17/17
 33071 | Elf:3    | Identified Roxanne's Guide on Earth (You took it off Roxanne on level 3 of the Elven Halls)
 34125 | Elf:3    | Noticed a deep elf master archer
 34126 | Elf:3    | Gained mutation: You are frail. (-10% HP) [a cacodemon]
 34138 | Elf:3    | HP: 5/140 [deep elf master archer/arrow (28)]
 34138 | Elf:3    | Gained mutation: Armour fits poorly on your strangely shaped body. [a cacodemon]
 34141 | Elf:3    | Shot with an arrow by a deep elf master archer

Skill      XL: |  1  2  3  4  5  6  7  8  9 10 11 12 13 14 15 16 17 |
---------------+----------------------------------------------------+-----
Armour         | 4 5 6 7 9 11 12 14 15 16 | 16.0
Shields        | 4 5 6 7 8 10 11 13 15 17 18 20 | 20.4
Fighting       | 4 5 6 7 8 9 10 11 13 14 15 | 15.2
Long Blades    | 3 4 5 7 9 10 12 13 14 15 16 17 18 | 18.0
Dodging        | 1 2 3 4 5 6 |  6.5
Stealth        | 1 2 3 |  3.1
Invocations    | 1 2 |  2.4
Evocations     | 1 |  1.7
Unarmed Combat | |  0.7

Action                   |  1- 3 |  4- 6 |  7- 9 | 10-12 | 13-15 | 16-18 || total
-------------------------+-------+-------+-------+-------+-------+-------++-------
Melee: Long sword        |    93 |   183 |   309 |  1061 |  1668 |   689 ||  4003
       Headbutt          |    14 |    34 |    71 |   263 |   580 |   199 ||  1161
       Unarmed           |       |    13 |       |       |       |       ||    13
       Kick              |       |       |       |    17 |       |       ||    17
Invok: Heroism           |       |       |       |    11 |    11 |     4 ||    26
       Finesse           |       |       |       |       |     1 |       ||     1
 Abil: Evoke Flight      |       |       |       |       |     4 |       ||     4
Evoke: Wand              |       |       |     1 |       |     6 |       ||     7
  Use: Scroll            |       |     9 |     6 |    13 |     5 |     3 ||    36
       Potion            |       |       |     2 |     4 |     5 |     5 ||    16
 Stab: Invisible         |       |       |       |     2 |       |       ||     2
  Eat: Chunk             |       |     8 |    16 |    61 |    55 |    25 ||   165
       Fruit             |       |       |     1 |       |       |       ||     1
Armor: Scale mail        |    44 |    60 |       |       |       |       ||   104
       Chain mail        |       |    29 |   106 |   349 |   154 |       ||   638
       Skin              |       |     2 |       |       |       |       ||     2
       Plate armour      |       |       |       |       |   408 |   262 ||   670
Dodge: Dodged            |    26 |    68 |    71 |   270 |   422 |   132 ||   989
Block: Shield            |    49 |   106 |   144 |   663 |  1136 |   454 ||  2552
       Rpst.: Long sword |     4 |    12 |    19 |    59 |   103 |    22 ||   219
